 Dungeon Crawl Stone Soup version 0.17.1-2-g5865329 (webtiles) character file.

168 Jerry the Magician (level 5, 0/35 HPs)
             Began as a Mummy Wizard on Feb 1, 2016.
             Was an Initiate of Sif Muna.
             Slain by a hound (3 damage)
             ... on level 4 of the Dungeon.
             The game lasted 00:22:08 (4859 turns).

Jerry the Magician (Mummy Wizard)                   Turns: 4859, Time: 00:22:08

Health: 0/35       AC:  2    Str: 10    XL:     5   Next: 23%
Magic:  0/9        EV: 14    Int: 18    God:    Sif Muna [......]
Gold:   111        SH:  0    Dex: 11    Spells: 3 memorised, 5 levels left

rFire  x . .     SeeInvis .     p - +0 rapier
rCold  + . .     Clarity  .     a - +0 robe
rNeg   + + +     SustAt   .     (no shield)
rPois  ∞         Gourm    .     b - +0 hat
rElec  .         Spirit   .     (no cloak)
rCorr  .         Warding  .     (no gloves)
rMut   .         Stasis   .     (no boots)
MR     .....                    (no amulet)
Stlth  ++........               (no ring)
                                n - +2 ring of evasion (curse)

@: not resistant to hostile enchantments, unstealthy
A: no food or potions, fire vulnerability, cold resistance 1, negative energy
resistance 3, torment resistance, unbreathing
a: Renounce Religion


You were on level 4 of the Dungeon.
You worshipped Sif Muna.
Sif Muna was noncommittal.
You were not hungry.

You visited 1 branch of the dungeon, and saw 4 of its levels.

You collected 111 gold pieces.

Inventory:

Hand Weapons
 d - a +0 dagger
 o - a +0 whip
 p - a +0 rapier (weapon)
Armour
 a - a +0 robe (worn)
 b - a +0 hat (worn)
 q - a +0 pair of boots
Jewellery
 n - a cursed +2 ring of evasion (left hand)
Scrolls
 e - a scroll of enchant armour {unknown}
 f - a scroll of blinking {unknown}
 g - a scroll of random uselessness {unknown}
 h - 2 scrolls of remove curse
 i - a scroll of teleportation {unknown}
 j - 4 scrolls of identify {unknown}
 k - 2 scrolls of immolation {unknown}
 l - 2 scrolls of magic mapping {unknown}
 m - a scroll of amnesia {unknown}
Books
 c - a book of Minor Magic

   Spells                             Type                      Level
   a - Magic Dart                     Conjuration                  1
   b - Blink                          Translocation                2
   c - Call Imp                       Summoning                    2
   d - Repel Missiles                 Charms/Air                   2
   e - Slow                           Hexes                        2
   f - Conjure Flame                  Conjuration/Fire             3
   g - Mephitic Cloud                 Conjuration/Poison/Air       3


   Skills:
 + Level 2.7 Dodging
 - Level 1.5 Stealth
 - Level 3.0 Spellcasting
 + Level 2.4 Conjurations
   Level 0.7 Summonings
 * Level 1.7 Translocations
 - Level 1.5 Air Magic


You had 5 spell levels left.
You knew the following spells:

 Your Spells              Type           Power        Failure   Level  Hunger
a - Magic Dart            Conj           ##..         8%          1    N/A
b - Repel Missiles        Chrm/Air       #.....       17%         2    N/A
c - Blink                 Tloc           N/A          12%         2    N/A

Dungeon Overview and Level Annotations

Branches:
Dungeon (4/15)
 Temple: D:4-7

Altars:
Cheibriados
Gozag
Makhleb
Okawaru
Sif Muna
Yredelemnul


Innate Abilities, Weirdness & Mutations

You do not eat or drink.
Your flesh is vulnerable to fire.
You are immune to poison.
Your flesh is cold resistant.
You are immune to negative energy.
You are immune to unholy pain and torment.
You can survive without breathing.


Message History

Casting: Magic Dart
Confirm with . or Enter, or press ? or * to list all spells.
Aiming: Magic Dart
Press: ? - help, Shift-Dir - straight line, f/p - hound
Aim: a hound (lightly wounded)
The magic dart hits the hound.
The hound is moderately wounded.
The hound barely misses you.
You closely miss the hound.
The hound is moderately wounded.
The hound bites you. x2
* * * LOW HITPOINT WARNING * * *
You hit the hound.
The hound is heavily wounded.
The hound misses you. The hound bites you.
* * * LOW HITPOINT WARNING * * *
You hit the hound.
The hound is severely wounded.
The hound bites you.
You die...

##################
..#####......#.........#
........................
...###.###.............
...Z #.# #.............
......###'###...........#
......###_Zh@.####..#####
......###'###.......###
...... #.# #.####....###
......###.###.#
#(.....###
......Z.......#
##.......##
............###
#........# .........<..#
#........##
.............#
#.........#
...............
##.......#


You could see a hound and an adder skeleton.

Vanquished Creatures
  A worker ant (D:4)
  7 adders
  An ooze (D:1)
  4 worms
  5 orcs (D:3)
  5 giant cockroaches
  13 goblins
  6 hobgoblins
  4 kobolds
  2 quokkas (D:3)
  2 ball pythons (D:2)
  3 bats
  6 giant newts
  2 jackals (D:1)
  12 rats
73 creatures vanquished.

Notes
Turn   | Place    | Note
--------------------------------------------------------------
     0 | D:1      | Jerry the Mummy Wizard began the quest for the Orb.
     0 | D:1      | Reached XP level 1. HP: 13/13 MP: 4/4
   138 | D:1      | Reached skill level 1 in Conjurations
   230 | D:1      | Reached XP level 2. HP: 19/19 MP: 0/6
   548 | D:1      | Learned a level 2 spell: Repel Missiles
  1326 | D:2      | Found an iron altar of Okawaru.
  1355 | D:2      | Reached XP level 3. HP: 24/24 MP: 1/7
  1564 | D:2      | Found an opulent altar of Gozag.
  1602 | D:2      | Reached skill level 1 in Air Magic
  1682 | D:2      | Found a basalt altar of Yredelemnul.
  2565 | D:3      | Reached XP level 4. HP: 25/30 MP: 2/8
  2847 | D:3      | Found a deep blue altar of Sif Muna.
  2868 | D:3      | Became a worshipper of Sif Muna the Loreminder
  2983 | D:3      | Learned a level 2 spell: Blink
  3007 | D:3      | Reached skill level 1 in Translocations
  3492 | D:3      | Found a burning altar of Makhleb.
  3492 | D:3      | Noticed a balrug
  3532 | D:3      | Noticed a neqoxec
  3532 | D:3      | Noticed an orange demon
  4190 | D:2      | Reached XP level 5. HP: 28/35 MP: 2/9
  4826 | D:4      | Found a snail-covered altar of Cheibriados.
  4859 | D:4      | Slain by a hound

Action                   |  1- 3 |  4- 6 || total
-------------------------+-------+-------++-------
Melee: Dagger            |     7 |     8 ||    15
       Rapier            |       |    29 ||    29
 Cast: Magic Dart        |   108 |   124 ||   232
  Use: Scroll            |     1 |       ||     1
